 Dungeon Crawl Stone Soup version 0.23.2 (webtiles) character file.

Game seed: 1906785054151303393

126 Gargoyl the Skirmisher (level 4, -12/38 HPs)
             Began as a Centaur Abyssal Knight on Apr 9, 2019.
             Was a Believer of Lugonu.
             Killed by divine providence
             ... invoked by an orc priest
              (13 damage)
             ... on level 2 of the Dungeon.
             The game lasted 00:05:19 (2274 turns).

Gargoyl the Skirmisher (Centaur Abyssal Knight)     Turns: 2274, Time: 00:05:20

Health: -12/38     AC:  6    Str: 15    XL:     4   Next: 83%
Magic:  6/6        EV:  8    Int:  9    God:    Lugonu [**....]
Gold:   115        SH:  0    Dex:  9    Spells: 3/3 levels left

rFire    . . .     SeeInvis .   d - +2 whip (elec)
rCold    . . .     Gourm    .   (no shield)
rNeg     . . .     Faith    .   m - +0 ring mail
rPois    .         Spirit   .   (no helmet)
rElec    .         Reflect  .   (no cloak)
rCorr    .         Harm     .   (no gloves)
MR       .....                  (no barding)
Stlth    ..........             (no amulet)
HPRegen  0.12/turn              (no ring)
MPRegen  0.10/turn              (no ring)

@: lethally poisoned (-12 -> -17), hasted, very quick
A: large, hooves 3, deformed body, deterioration 1, dopey 1, speed 2, high mp 1,
shaggy fur 1, tough skin 3
a: Depart the Abyss, Bend Space, Renounce Religion


You were on level 2 of the Dungeon.
You worshipped Lugonu.
Lugonu was pleased with you.
You were hungry.

You visited 1 branch of the dungeon, and saw 2 of its levels.
You visited the Abyss 1 time.

You collected 115 gold pieces.

Inventory:

Hand Weapons
 a - a +1 hand axe
 d - a +2 whip of electrocution (weapon)
Armour
 m - a +0 ring mail (worn)
Scrolls
 h - 2 scrolls of remove curse {unknown}
 i - 2 scrolls of identify {unknown}
 j - a scroll of amnesia {unknown}
 k - a scroll of enchant weapon {unknown}
Comestibles
 c - 3 rations


   Skills:
 + Level 3.4 Fighting
 * Level 2.2(2.5) Axes
 + Level 1.4(2.1) Maces & Flails
 * Level 2.1 Armour
 * Level 1.5 Dodging
 * Level 2.8 Invocations


You had 3 spell levels left.
You didn't know any spells.
Your spell library was empty.

Dungeon Overview and Level Annotations

Branches:
Dungeon (2/15)

Altars:


Innate Abilities, Weirdness & Mutations

You have hooves in place of feet.
Armour fits poorly on your strangely shaped body.
You cover ground very quickly.
You have extremely tough skin. (AC +3)
Your body sometimes deteriorates upon taking damage.
You are dopey. (Int -2)
You have an increased reservoir of magic. (+10% MP)
You are covered in fur. (AC +1)


Message History

The orc barely misses you.
It was a potion of magic.
Magic courses through your body.
* * * LOW HITPOINT WARNING * * *
You feel sick. The orc hits you but does no damage. The adder bites you.
* * * LOW HITPOINT WARNING * * *
The orc priest barely misses you. The orc hits you with a +0 hand axe.
* * * LOW HITPOINT WARNING * * *
Unknown command.
It was a potion of mutation.
You feel extremely strange.
You feel more energetic.
You feel yourself wasting away.
You feel stupid. Fur sprouts all over your body.
The adder bites you but does no damage. The orc barely misses you. x2
The orc priest hits you but does no damage.
Unknown command.
The adder bites you but does no damage.
* * * LOW HITPOINT WARNING * * *
You feel sick.
The orc priest mumbles some strange prayers to Beogh against you.
Beogh smites you!
You die...

##.###...........
........................
...........<............
.#.#...................
..........oo...........
.........oo..........##
#......S............#
...#......o#...... #...#
#......@..)#.#^..# #....
##.........# . ... #..##
....<......# .. .. #.†#
.............#.......#.÷#
##..#..........#.#...#.#..# #
.........##.#...#.......#..#
.###.........#......##ooo..##..#
.K.............#....###o⌠$###..#
...#....# ##.......†.#######...#


You could see an orc priest, an adder and 4 orcs.

Vanquished Creatures
  A worker ant (D:1)
  2 adders (D:2)
  3 oozes (D:2)
  A dart slug (D:2)
  A leopard gecko (D:1)
  2 orcs (D:2)
  A ball python (D:1)
  7 giant cockroaches
  5 goblins
  7 hobgoblins
  2 jackals (D:1)
  4 kobolds
  3 quokkas
  9 bats
  7 frilled lizards
  7 rats
62 creatures vanquished.

Notes
Turn   | Place    | Note
-------+----------+-------------------------------------------
     0 | Abyss:1  | Gargoyl the Centaur Abyssal Knight began the quest for the
                  | Orb.
     0 | Abyss:1  | Reached XP level 1. HP: 19/19 MP: 2/2
    30 | Abyss:3  | Noticed a smoke demon
    31 | Abyss:3  | Noticed a thrashing horror
    32 | D:1      | Escaped the Abyss
    84 | D:1      | Reached * piety under Lugonu
   267 | D:1      | Reached skill level 1 in Dodging
   267 | D:1      | Reached XP level 2. HP: 25/26 MP: 3/3
   828 | D:1      | Reached XP level 3. HP: 22/31 MP: 4/4
  1270 | D:1      | Reached skill level 1 in Maces & Flails
  1270 | D:1      | Reached XP level 4. HP: 10/38 MP: 5/5
  1577 | D:2      | Reached ** piety under Lugonu
  2271 | D:2      | Gained mutation: You have an increased reservoir of magic.
                  | (+10% MP) [potion of mutation]
  2271 | D:2      | Gained mutation: Your body sometimes deteriorates upon
                  | taking damage. [potion of mutation]
  2271 | D:2      | Gained mutation: You are dopey. (Int -2) [potion of
                  | mutation]
  2271 | D:2      | Gained mutation: You are covered in fur. (AC +1) [potion of
                  | mutation]
  2273 | D:2      | HP: 1/38 [poisoned by an adder]
  2274 | D:2      | Killed from afar by an orc priest

Skill      XL: |  1  2  3  4 |
---------------+-------------+-----
Dodging        | 1 |  1.5
Axes           | 2 |  2.2
Maces & Flails | 1 |  1.4
Armour         | 2 |  2.1
Fighting       | |  3.4
Invocations    | |  2.8

Action                   |  1- 3 |  4- 6 || total
-------------------------+-------+-------++-------
Melee: Whip              |    98 |    67 ||   165
       Kick              |     7 |     8 ||    15
Invok: Depart the Abyss  |     1 |       ||     1
  Use: Potion            |       |     4 ||     4
  Eat: Chunk             |       |     3 ||     3
Armor: Leather armour    |    52 |     7 ||    59
       Ring mail         |       |    49 ||    49
Dodge: Dodged            |    75 |    47 ||   122
